 Dungeon Sprint DCSS version 0.30-a0-269-gf0224bf7b6 (webtiles) character file.

Game seed: 3377301956658435243

337 tbh1313 the Basher (level 6, 0/88 HPs)
             Began as a Troll Berserker on Oct 14, 2022.
             Was a Believer of Trog.
             Slain by a water moccasin (7 damage)
             ... in the Dungeon (Sprint II: "The Violet Keep of Menkaure").
             The game lasted 00:00:52 (105 turns).

tbh1313 the Basher (Troll Berserker)                 Turns: 105, Time: 00:00:53

Health: 0/88       AC:  4    Str: 28    XL:     6   Next: 28%
Magic:  5/5        EV: 10    Int:  3    God:    Trog [**....]
Gold:   243        SH:  0    Dex:  9    Spells: 5/5 levels left

rFire   . . .      SeeInvis .    a - +0 mace
rCold   . . .      Faith    .    (no shield)
rNeg    . . .      Spirit   .    b - +0 animal skin
rPois   .          Reflect  .    (helmet restricted)
rElec   .          Harm     .    (no cloak)
rCorr   .          Rampage  .    (gloves unavailable)
Will    .....      NoTele   +    (boots unavailable)
Stlth   ..........               (no amulet)
HPRegen 1.14/turn                (no ring)
MPRegen 0.09/turn                (no ring)

@: berserking, lethally poisoned (0 -> -23), very quick
A: large, unfitting armour, claws 3, regeneration 1, shaggy fur 1, tough skin 1
a: Renounce Religion, Berserk, Trog's Hand


You were in the Dungeon.
You worshipped Trog.
Trog was pleased with you.
You visited 1 branch You collected 243 gold pieces.

Inventory:

Hand Weapons
 a - a +0 mace (weapon)
Armour
 b - a +0 animal skin (worn)
Scrolls
 h - a scroll of blinking
Potions
 c - a potion of curing
 d - a potion of heal wounds
 e - a potion of haste
 f - 2 potions of magic
 g - a potion of berserk rage


   Skills:
 - Level 2.4 Fighting
 + Level 12.5 Maces & Flails
 - Level 2.4 Dodging


You had 5 spell levels left.
You didn't know any spells.
Your spell library was empty.

Dungeon Overview and Level Annotations

Branches:
Dungeon (1/1)

Altars:
Dithmenos
Elyvilon
Fedhas
Gozag
Kikubaaqudgha
Makhleb
Nemelex Xobeh
Okawaru
Ru
Sif Muna
Trog
Uskayaw
Vehumet
Xom
Yredelemnul
Zin
Jiyva
Lugonu


Innate Abilities, Weirdness & Mutations

You are too large for most types of armour.
You have claws for hands.
Your natural rate of healing is unusually fast.
You are covered in fur. (AC +1)
You have tough skin. (AC +1)


Message History

You are more poisoned.
The water moccasin poisons you!
You closely miss the water moccasin.
The water moccasin is lightly wounded.
You feel very sick. The water moccasin bites you.
You barely miss the water moccasin.
The water moccasin is lightly wounded.
You feel very sick. The water moccasin bites you.
You are more poisoned.
The water moccasin poisons you! The water moccasin bites you.
You are lethally poisoned!
The water moccasin poisons you!
You are too berserk!
Unknown command.
You are too berserk!
You bludgeon the water moccasin!!
The water moccasin is almost dead.
You feel extremely sick.
The water moccasin bites you but does no damage.
The water moccasin bites you.
You closely miss the water moccasin.
The water moccasin is almost dead.
You feel very sick.
You miss the water moccasin.
The water moccasin is almost dead.
* * * LOW HITPOINT WARNING * * *
You feel very sick. The water moccasin bites you.
* * * LOW HITPOINT WARNING * * *
The water moccasin bites you.
* * * LOW HITPOINT WARNING * * *
You sock the water moccasin!
You kill the water moccasin!
Trog accepts your kill.
* * * LOW HITPOINT WARNING * * *
You feel very sick. The water moccasin bites you!
You die...

++ .. .. .. .. #. .####
+.### ...# ...#
###..#####..#
#+###.##..#$SS†^#
##.##..##..# #@.#
+.<.†##.'..####..###
##.##..##....###...##▓▓
#+###.##..§...~~~~~~~~~


B#B ###~~.....~#+###### .. ..#~~~~~~~..~#_._._.. ##. $##~§§~~~~~.~#._._._. ##
##~~~≈§§~~~~~#_._._._ ~~~~~§§≈§≈~~~#._._._. You could see 2 water moccasins.

Levels and vault maps discovered:
D:        the_violet_keep_of_menkaure [sprint2_stairs_cluster_1,
          sprint2_shoproom, sprint2_temple, sprint2_basic_supplies,
          sprint2_obstacle_4, sprint2_obstacle_6, sprint2_obstacle_7,
          sprint2_obstacle_3, sprint2_obstacle_2, sprint2_timed_cluster_1,
          sprint2_smallroom_cluster_1, sprint2_smallroom_final_cluster_1,
          sprint2_transparent_cluster_1, sprint2_second_timed_cluster_1,
          sprint2_sniper_area_1, sprint2_heavy_combat_area_1,
          sprint2_mutation_trap_area_1, sprint2_forest_area_1,
          sprint2_light_combat_area_1, sprint2_behind_water_1,
          sprint2_near_end_vault_1]

Notes
Turn   | Place    | Note
-------+----------+-------------------------------------------
     0 | D        | tbh1313 the Troll Berserker began the quest for the Orb.
     0 | D        | Reached XP level 1. HP: 22/22 MP: 0/0
     1 | D        | Noticed a boulder beetle
     1 | D        | Noticed a boulder beetle
     4 | D        | Noticed a scorpion
     4 | D        | Noticed a scorpion
     4 | D        | Noticed a scorpion
     4 | D        | Noticed a scorpion
    13 | D        | Killed a scorpion
    14 | D        | Reached skill level 7 in Maces & Flails
    14 | D        | Reached XP level 2. HP: 29/29 MP: 1/1
    14 | D        | Reached XP level 3. HP: 36/36 MP: 2/2
    18 | D        | Killed a scorpion
    19 | D        | Reached skill level 9 in Maces & Flails
    19 | D        | Reached XP level 4. HP: 39/44 MP: 3/3
    22 | D        | Killed a scorpion
    22 | D        | Reached ** piety under Trog
    23 | D        | Reached skill level 10 in Maces & Flails
    23 | D        | Reached XP level 5. HP: 46/50 MP: 4/4
    28 | D        | Reached skill level 11 in Maces & Flails
    28 | D        | Killed Menkaure
    78 | D        | Found an iron altar of Okawaru.
    78 | D        | Found an opulent altar of Gozag.
    79 | D        | Found a sparkling altar of Nemelex Xobeh.
    79 | D        | Found a blossoming altar of Fedhas.
    80 | D        | Found a radiant altar of Vehumet.
    80 | D        | Found a burning altar of Makhleb.
    80 | D        | Found a white marble altar of Elyvilon.
    81 | D        | Found a hide-covered altar of Uskayaw.
    81 | D        | Found a corrupted altar of Lugonu.
    81 | D        | Found a shadowy altar of Dithmenos.
    82 | D        | Found a glowing silver altar of Zin.
    82 | D        | Found a bloodstained altar of Trog.
    82 | D        | Found an ancient bone altar of Kikubaaqudgha.
    85 | D        | Found a basalt altar of Yredelemnul.
    85 | D        | Found a shimmering blue altar of Sif Muna.
    85 | D        | Found a viscous altar of Jiyva.
    86 | D        | Found a shimmering altar of Xom.
    86 | D        | Found a sacrificial altar of Ru.
    88 | D        | Noticed a water moccasin
    89 | D        | Noticed a water moccasin
    89 | D        | Noticed a water moccasin
    89 | D        | Noticed a water moccasin
    93 | D        | Killed a water moccasin
    94 | D        | Reached skill level 12 in Maces & Flails
    94 | D        | Reached XP level 6. HP: 59/59 MP: 5/5
   105 | D        | Killed a water moccasin
   105 | D        | HP: 7/88 [poisoned by a water moccasin]
   105 | D        | Slain by a water moccasin

Table legend: (Time is in decaauts)
 A = Elapsed time spent in this place.
 B = Non-inter-level travel time spent in this place.
 C = Inter-level travel time spent in this place.
 D = Time resting spent in this place.
 E = Time spent auto-exploring this place.
 F = Levels seen in this place.
 G = Mean time per level.
                   A        B        C        D        E       F      G
               +--------+--------+--------+--------+--------+-----+--------+
         Total |    105 |    105 |      0 |     46 |      0 |   1 |  105.0 |
       Dungeon |    105 |    105 |      0 |     46 |      0 |   1 |  105.0 |
               +--------+--------+--------+--------+--------+-----+--------+

Top non-repeatable levels by time:
       D: 105 daAuts

Table legend:
 A = Kills in this place as a percentage of kills in entire the game.
 B = Kills by you in this place as a percentage of kills by you in the entire game.
 C = Kills by friends in this place as a percentage of kills by friends in the entire game.
 D = Other kills in this place as a percentage of other kills in the entire game.
 E = Experience gained in this place as a percentage of experience gained in the entire game.
 F = Experience gained in this place divided by the number of levels of this place that you have seen.
                   A       B       C       D       E      F
               +-------+-------+-------+-------+-------+----------------------
         Total | 100.0 | 100.0 |   N/A |   N/A | 100.0 | 627.0
       Dungeon | 100.0 | 100.0 |   N/A |   N/A | 100.0 | 627.0
               +-------+-------+-------+-------+-------+----------------------

Action                   |  1- 3 |  4- 6 || total
-------------------------+-------+-------++-------
Melee: Mace              |    11 |    24 ||    35
       Punch             |       |     1 ||     1
Invok: Berserk           |     1 |     1 ||     2
Armor: Animal skin       |     3 |     2 ||     5
Dodge: Dodged            |     3 |     4 ||     7

Vanquished Creatures
  2 water moccasins (D)
  4 scorpions (D)
6 creatures vanquished.

Vanquished Creatures (others)
  Menkaure (D)
1 creature vanquished.

Grand Total: 7 creatures vanquished
